 Dungeon Crawl Stone Soup version 0.13.1-28-g3517093 (console) character file.

23052 silence the Severer (level 12, -11/91 HPs)
             Began as a Centaur Berserker on Mar 18, 2014.
             Was a High Priest of Trog.
             Mangled by a wolf spider (12 damage)
             ... on Level 7 of the Lair of Beasts.
             The game lasted 01:11:22 (7807 turns).

silence the Severer (Centaur Berserker)             Turns: 7807, Time: 01:11:22

HP -11/91        AC 14     Str 21      XL: 12   Next: 63%
MP   0/19        EV  5     Int 10      God: Trog [*****.]
Gold 561         SH  0     Dex  9      Spells:  0 memorised, 11 levels left

Res.Fire  : . . .   See Invis. : .   t - +0,+1 dwarf battleaxe
Res.Cold  : . . .   Warding    : .   b - +2 dwarf chain mail
Life Prot.: . . .   Conserve   : .   (no shield)
Res.Poison: .       Res.Corr.  : .   T - +0 helmet (curse)
Res.Elec. : .       Clarity    : .   v - +0 cloak
Sust.Abil.: . .     Spirit.Shd : +   i - +0 pair of gauntlets
Res.Mut.  : .       Stasis     : .   (no barding)
Res.Rott. : .       Flight     : .   I - amulet of guardian spirit
Saprovore : . . .                    A - ring of regeneration
                                     C - +1 ring of protection

@: recuperating, mildly poisoned, diseased, very quick, very resistant to
hostile enchantments, extremely unstealthy
A: hooves 3, deformed body, herbivore 1, speed 2, fast metabolism 1, tough skin
3
a: Burn Spellbooks, Berserk, Trog's Hand, Brothers in Arms, Renounce Religion


You were on level 7 of the Lair of Beasts.
You worshipped Trog.
Trog was extremely pleased with you.
You were starving.

You visited 3 branches of the dungeon, and saw 22 of its levels.

You collected 689 gold pieces.
You spent 148 gold pieces at shops.

Inventory:

Hand weapons
 d - a +0,+1 orcish war axe
 j - a +1,+0 dwarven broad axe
 p - the +4,+4 double sword of Axuicul {slice, MR++}
   (You found it on level 3 of the Lair of Beasts)

   It inflicts extra damage upon your enemies.
   It affects your resistance to hostile enchantments.
 q - the +5,+1 morningstar of Resourcefulness {venom, rC+ Dex+1}
   (You found it on level 3 of the Lair of Beasts)

   It poisons the flesh of those it strikes.
   It affects your dexterity (+1).
   It protects you from cold.
 r - the +0,+6 short sword "Ipiawix" {freeze, +Inv +Fly Dex-3}
   (Trog gifted it to you on level 3 of the Lair of Beasts)

   It has been specially enchanted to freeze those struck by it, causing extra
   injury to most foes and up to double damage against particularly susceptible
   opponents.
   It can also slow down cold-blooded creatures.
   It affects your dexterity (-3).
   It lets you turn invisible.
   It lets you fly.
 t - a +0,+1 dwarven battleaxe (weapon)
 H - a +0 blowgun
Missiles
 M - a throwing net (quivered)
Armour
 b - a +2 dwarven chain mail (worn)
 i - a +0 pair of gauntlets (worn)
 v - a +0 cloak (worn)
 T - a cursed +0 helmet (worn)
 X - a +0 wizard hat of intelligence
Magical devices
 h - a wand of hasting (4)
 k - a wand of heal wounds (4)
 w - a wand of paralysis (5)
 V - a wand of cold (4)
Comestibles
 E - a choko
 K - 5 bread rations
 R - 2 meat rations
Scrolls
 e - a scroll of magic mapping
 l - a scroll of enchant weapon II
 s - 4 scrolls of remove curse
 u - 3 scrolls of teleportation {unknown}
 y - 3 scrolls of fog {unknown}
 F - 3 scrolls of immolation {unknown}
 J - 2 scrolls of curse armour {unknown}
 O - a scroll of blinking
 P - a scroll of fear {unknown}
Jewellery
 A - a ring of regeneration (right hand)
 C - a +1 ring of protection (left hand)
 G - a +3 ring of dexterity
 I - an amulet of guardian spirit (around neck)
 Q - an uncursed ring of fire
Potions
 a - 3 potions of heal wounds
 c - a potion of strong poison {unknown}
 f - 2 potions of restore abilities {unknown}
 g - 6 potions of curing
 m - a potion of mutation {unknown}
 n - 2 potions of brilliance {unknown}
 o - a potion of paralysis {unknown}
 x - a potion of confusion {unknown}
 z - 2 potions of might
 B - 3 potions of flight {unknown}
 D - 2 potions of poison {unknown}
 U - 2 potions of slowing {unknown}


   Skills:
 - Level 3.0 Fighting
 + Level 17.6 Axes
 - Level 1.3 Armour
 - Level 1.3 Dodging
 + Level 6.3 Evocations


You had 11 spell levels left.
You didn't know any spells.

Dungeon Overview and Level Annotations

Branches:
Dungeon (14/27)            Temple (1/1) D:5            Lair (8/8) D:13
 Spider (0/5) Lair:4        Slime (0/6) Lair:8
    Orc: D:6-11       Swamp: Lair:3-6    Shoals: Lair:3-6     Snake: Lair:3-6

Altars:
Ashenzari
Cheibriados
Elyvilon
Fedhas
Kikubaaqudgha
Makhleb
Nemelex Xobeh
Okawaru
Sif Muna
Trog
Vehumet
Xom
Yredelemnul
Zin
the Shining One
Jiyva

Shops:
D:6 *[   D:9 +


Innate Abilities, Weirdness & Mutations

You have hooves in place of feet.
Armour fits poorly on your strangely shaped body.
You digest meat inefficiently.
You cover ground very quickly.
You have a fast metabolism.
You have extremely tough skin (AC +3).


Message History

Found a great sword.
A komodo dragon comes into view.
The komodo dragon hisses angrily.
The komodo dragon bites you!
* * * LOW HITPOINT WARNING * * *
You feel ill.
A wolf spider comes into view.
The wolf spider hisses angrily.
You are starving!
A water moccasin comes into view.
The water moccasin hisses angrily.
A water moccasin comes into view.
The water moccasin hisses angrily.
The wolf spider bites you!
* * * LOW HITPOINT WARNING * * *
You are poisoned.
The wolf spider poisons you! The wolf spider hits you!
* * * LOW HITPOINT WARNING * * *
The wolf spider bites you!
You die...

.## ##..# ##.#...#.f. #
## ###..........
##f##.######)P..........
.........P##............
...S......f.#PP.......Yf
.........s..f#f......f.ff
.S......@hl..#......f.ff.
...##..##.#.Y..Y....Yf.Y.
#... ####........Y....
..## #.#.#####.#+.## f
##### ##....# ...## #..##
..## ....


You could see 2 elephants, a wolf spider, a komodo dragon, 2 water moccasins and
a hound.

Vanquished Creatures
  Gastronok (D:13)
  The ghost of CrazyArbalest the Quickloader, a powerful DsHu of Okawaru (Lair:2)
  2 hydras
  4 death yaks (Lair:8)
  A centaur warrior (D:13)
  An unseen horror (D:13)
  Joseph (D:9)
  2 hill giants (D:12)
  The ghost of WrathOfTrog the Chopper, an experienced CeBe of Trog (D:6)
  A feature mimic (D:10)
  2 spiny frogs
  Grinder (D:3)
  A komodo dragon (Lair:3)
  A dragon skeleton (D:13)
  A trapdoor spider (D:13)
  A hill giant zombie (D:12)
  2 vampire mosquitoes
  A wyvern (Lair:7)
  28 yaks
  A hill giant skeleton (D:11)
  2 manticores
  A hippogriff (D:9)
  3 hungry ghosts
  A mottled dragon (D:12)
  4 orc warriors
  A sky beast (D:8)
  3 porcupines
  2 ice beasts (D:9)
  2 crocodiles
  5 centaurs
  An ogre (D:8)
  2 big kobolds
  A giant slug (Lair:2)
  2 gnoll sergeants
  8 water moccasins
  Blork the orc (D:5)
  6 giant frogs
  2 agate snails
  A jellyfish (D:9)
  2 manticore skeletons
  A wight (D:13)
  12 killer bees
  A yak skeleton (D:11)
  An electric eel (Lair:1)
  A giant frog zombie (D:9)
  7 crimson imps
  4 goliath beetles
  5 hounds
  A quasit (D:10)
  2 soldier ant zombies (D:12)
  9 orc priests
  5 spiders (Lair:4)
  2 iguanas
  A jelly (D:5)
  4 worker ants
  6 orc wizards
  A gnoll shaman (D:9)
  The ghost of WrathOfTrog the Practitioner, a weakling CeHe of Elyvilon (D:3)
  A killer bee zombie (D:13)
  A crocodile zombie (D:11)
  An ogre zombie (D:6)
  6 orange rats (Lair:7)
  Ijyb (D:3)
  Jessica (D:2)
  A hound zombie (D:6)
  Terence (D:3)
  A mummy (D:13)
  A giant centipede (D:11)
  16 gnolls
  17 green rats
  7 adders
  A giant mite (Lair:7)
  5 worms
  An adder zombie (D:7)
  An iguana zombie (D:11)
  5 giant geckos
  50 orcs
  A giant cockroach (D:1)
  8 goblins
  16 hobgoblins
  23 jackals
  7 quokkas
  9 bats
  2 giant newts
  16 kobolds
  7 rats
  3 ballistomycetes
  A fungus (Lair:5)
379 creatures vanquished.

Vanquished Creatures (collateral kills)
  A death yak (Lair:8)
  A wight (D:13)
2 creatures vanquished.

Vanquished Creatures (others)
  An ogre (D:13)
  2 giant spores
3 creatures vanquished.

Grand Total: 384 creatures vanquished

Notes
Turn   | Place    | Note
--------------------------------------------------------------
     0 | D:1      | silence, the Centaur Berserker, began the quest for the Orb.
     0 | D:1      | Reached XP level 1. HP: 19/19 MP: 0/0
   136 | D:1      | Reached XP level 2. HP: 19/26 MP: 1/1
   324 | D:2      | Reached XP level 3. HP: 33/33 MP: 2/2
   342 | D:2      | Reached skill level 4 in Axes
   370 | D:2      | Acquired Trog's second power
   375 | D:2      | Noticed Jessica
   392 | D:2      | Killed Jessica
   392 | D:2      | Reached XP level 4. HP: 13/39 MP: 2/2
   469 | D:2      | Found a burning altar of Makhleb.
   549 | D:3      | Noticed Grinder
   557 | D:3      | Killed Grinder
   557 | D:3      | Reached skill level 6 in Axes
   557 | D:3      | Reached XP level 5. HP: 36/45 MP: 3/3
   557 | D:3      | Reached XP level 6. HP: 41/52 MP: 4/4
   722 | D:3      | Noticed WrathOfTrog's ghost (weakling CeHe)
   727 | D:3      | Killed WrathOfTrog's ghost
   746 | D:3      | Noticed Ijyb
   763 | D:3      | Killed Ijyb
   790 | D:3      | Noticed Terence
   796 | D:3      | Killed Terence
   927 | D:5      | Entered Level 5 of the Dungeon
  1001 | D:5      | Reached skill level 7 in Axes
  1083 | D:5      | Found a staircase to the Ecumenical Temple.
  1095 | D:5      | Reached XP level 7. HP: 35/58 MP: 4/4
  1112 | Temple   | Entered the Ecumenical Temple
  1311 | D:5      | scroll PRAO destroyed
  1324 | D:5      | Noticed Blork the orc
  1332 | D:5      | Killed Blork the orc
  1332 | D:5      | Reached skill level 8 in Axes
  1460 | D:6      | Noticed WrathOfTrog's ghost (experienced CeBe)
  1467 | D:6      | Killed WrathOfTrog's ghost
  1467 | D:6      | Reached skill level 9 in Axes
  1467 | D:6      | Reached XP level 8. HP: 38/66 MP: 5/5
  1703 | D:6      | Found Tratyutuu's Assorted Antiques.
  1716 | D:6      | Found Bius Yna's Armour Emporium.
  1765 | D:6      | Bought a +0 cloak for 21 gold pieces
  1771 | D:6      | Bought a scroll labeled BLUEKU ROL UDO for 26 gold pieces
  1771 | D:6      | Bought a scroll labeled ADACROSEAFF for 26 gold pieces
  1771 | D:6      | Bought a scroll labeled CHUNAR TO ROUM for 26 gold pieces
  1771 | D:6      | Bought a scroll labeled GOTHIH QOIFO for 26 gold pieces
  1808 | D:6      | Bought a blue potion for 23 gold pieces
  1986 | D:9      | Noticed Joseph
  1996 | D:9      | Reached skill level 10 in Axes
  2107 | D:9      | Killed Joseph
  2211 | D:8      | Reached skill level 11 in Axes
  2211 | D:8      | Reached XP level 9. HP: 42/71 MP: 6/6
  2643 | D:9      | Reached skill level 12 in Axes
  2720 | D:10     | Entered Level 10 of the Dungeon
  3013 | D:10     | Reached skill level 13 in Axes
  3113 | D:11     | Reached XP level 10. HP: 38/78 MP: 6/6
  3741 | D:9      | Reached skill level 14 in Axes
  3755 | D:9      | Acquired Trog's third power
  3857 | D:9      | Found a bloodstained altar of Trog.
  3876 | D:9      | Found Ymeijih's Book Shoppe.
  4009 | D:8      | Found a basalt altar of Yredelemnul.
  4377 | D:8      | You fall through a shaft!
  4672 | D:12     | Reached skill level 15 in Axes
  4672 | D:12     | Reached XP level 11. HP: 84/84 MP: 7/7
  4849 | D:13     | Noticed Gastronok
  4866 | D:13     | Killed Gastronok
  4982 | D:12     | Noticed a hill giant
  5010 | D:12     | Killed a hill giant
  5063 | D:13     | fuming cyan potion destroyed
  5202 | D:13     | Killed an unseen horror
  5371 | D:13     | Reached skill level 16 in Axes
  5376 | D:14     | Entered Level 14 of the Dungeon
  5762 | D:12     | Noticed a hill giant
  5762 | D:12     | Noticed a seven-headed hydra
  5787 | D:12     | Killed a hill giant
  5788 | D:12     | Killed a seven-headed hydra
  5857 | D:13     | Noticed a centaur warrior
  5866 | D:13     | Killed a centaur warrior
  5988 | D:13     | Found a staircase to the Lair.
  6046 | Lair:1   | Entered Level 1 of the Lair of Beasts
  6129 | Lair:2   | Noticed CrazyArbalest's ghost (powerful DsHu)
  6156 | Lair:2   | Killed CrazyArbalest's ghost
  6207 | Lair:2   | Noticed a seven-headed hydra
  6281 | Lair:1   | Reached XP level 12. HP: 91/91 MP: 8/8
  6281 | Lair:1   | Reached skill level 17 in Axes
  6697 | Lair:3   | Got a polished morningstar
  6720 | Lair:3   | Received a gift from Trog
  6721 | Lair:3   | Got a brightly glowing short sword {god gift}
  6800 | Lair:3   | Identified the short sword "Ipiawix" {god gift, freeze, +Inv +Fly Dex-3} (Trog gifted it to you on level 3 of the Lair of Beasts)
  6801 | Lair:3   | Identified the morningstar of Resourcefulness {venom, rC+ Dex+1} (You found it on level 3 of the Lair of Beasts)
  6863 | Lair:4   | Noticed a four-headed hydra
  6888 | Lair:4   | Killed a four-headed hydra
  7136 | Lair:4   | Paralysed by you for 5 turns
  7184 | Lair:5   | Noticed an eight-headed hydra
  7238 | Lair:3   | Got an ancient double sword
  7248 | Lair:3   | Identified the double sword of Axuicul {slice, MR++} (You found it on level 3 of the Lair of Beasts)
  7303 | Lair:3   | Reached skill level 1 in Evocations
  7419 | Lair:4   | Found a hole to the Spider Nest.
  7521 | Lair:5   | You fall through a shaft!
  7521 | Lair:8   | Entered Level 8 of the Lair of Beasts
  7690 | Lair:8   | Reached skill level 5 in Evocations
  7722 | Lair:8   | Found a viscous altar of Jiyva.
  7723 | Lair:8   | Found a staircase to the Slime Pits.
  7755 | Lair:7   | Noticed a six-headed hydra
  7765 | Lair:7   | HP: 2/91 [fire drake/blast of flame (22)]
  7785 | Lair:7   | scroll FAOX destroyed
  7807 | Lair:7   | HP: 1/91 [wolf spider (7)]
  7807 | Lair:7   | Mangled by a wolf spider

Action                   |  1- 3 |  4- 6 |  7- 9 | 10-12 || total
-------------------------+-------+-------+-------+-------++-------
Melee: Hand axe          |    59 |    70 |       |       ||   129
       War axe           |       |    28 |   285 |   621 ||   934
       Battleaxe         |       |       |       |   120 ||   120
Throw: Throwing net      |       |       |       |     1 ||     1
Invok: Berserk           |     2 |     5 |    15 |    25 ||    47
       Trog's Hand       |     1 |     3 |    11 |    25 ||    40
       Brothers in Arms  |       |       |       |     2 ||     2
Evoke: Wand              |       |     2 |       |    23 ||    25
  Use: Potion            |       |       |     1 |     5 ||     6
       Scroll            |       |       |     3 |     9 ||    12
 Stab: Paralysed         |       |       |       |     2 ||     2
